 Dungeon Crawl Stone Soup version 0.28-a0-1632-g283549b (webtiles) character file.

Game seed: 14294970447059268171

6931 Illumine the Cleaver (level 11, -1/99 HPs)
             Began as a Hill Orc Gladiator on Jan 24, 2022.
             Was an Initiate of Gozag.
             Killed from afar by an ice statue (4 damage)
             ... with a bolt of cold
             ... on level 9 of the Dungeon on Jan 25, 2022.
             The game lasted 00:32:07 (8879 turns).

Illumine the Cleaver (Hill Orc Gladiator)           Turns: 8879, Time: 00:32:08

Health: -1/99      AC: 15    Str: 28    XL:     11   Next: 7%
Magic:  11/11      EV:  9    Int:  8    God:    Gozag
Gold:   73         SH:  5    Dex: 12    Spells: 10/10 levels left

rFire   x . .      SeeInvis .   b - +0 battleaxe
rCold   + . .      Faith    .   (shield currently unavailable)
rNeg    . . .      Spirit   .   G - +1 chain mail "Setz" {Rampage Slay+5}
rPois   .          Reflect  +   c - +2 helmet
rElec   .          Harm     .   (no cloak)
rCorr   .          Rampage  +   (no gloves)
Will    .....                   (no boots)
Stlth   ..........              P - amulet of reflection
HPRegen 0.26/turn               K - +6 ring of strength
MPRegen 0.12/turn               z - ring of ice

@: no status effects
A: no striking features
a: Renounce Religion, Potion Petition, Call Merchant, Bribe Branch


You were on level 9 of the Dungeon.
You worshipped Gozag.
Gozag was noncommittal.
You visited 2 branches of the dungeon, and saw 10 of its levels.
You also visited: Ossuary.

You collected 1078 gold pieces.
You spent 924 gold pieces at shops.
You paid 81 gold pieces to Gozag.

Inventory:

Hand Weapons
 a - a +1 war axe
 b - a +0 battleaxe (weapon)
Missiles
 E - 68 bolts
 N - 9 poisoned darts (quivered)
Armour
 c - a +2 helmet (worn)
 G - the +1 chain mail "Setz" (worn) {Rampage Slay+5}
   (You bought it in a shop on level 5 of the Dungeon)

   Slay:      It affects your accuracy & damage with ranged weapons and melee
   (+5).
   Rampage:   It bestows one free step when moving towards enemies.
Jewellery
 s - a ring of flight
 y - a ring of poison resistance
 z - a ring of ice (right hand)
 K - a +6 ring of strength (left hand)
 P - an amulet of reflection (around neck)
Wands
 B - a wand of charming (10)
 L - a wand of acid (6)
 O - a wand of mindburst (8)
Scrolls
 e - 3 scrolls of teleportation
 g - a scroll of amnesia {unknown}
 h - 2 scrolls of fear
 m - 2 scrolls of enchant armour
 o - a scroll of brand weapon {unknown}
 q - 2 scrolls of silence {unknown}
 u - a scroll of noise {unknown}
 w - a scroll of acquirement {unknown}
 A - 2 scrolls of immolation {unknown}
 D - 3 scrolls of torment
 I - a scroll of blinking
 J - a scroll of summoning {unknown}
 M - a scroll of vulnerability {unknown}
Potions
 i - 6 potions of curing
 j - 2 potions of brilliance
 k - 3 potions of heal wounds
 n - 2 potions of invisibility
 p - a potion of cancellation {unknown}
 r - 2 potions of flight
 t - 4 potions of mutation
 v - a potion of berserk rage {unknown}
 C - 2 potions of haste
 F - a potion of degeneration {unknown}


   Skills:
 + Level 10.1 Fighting
 * Level 14.4 Axes
 + Level 3.6 Throwing
 + Level 8.4 Armour
 - Level 2.4 Dodging
 + Level 4.2 Evocations


You had 10 spell levels left.
You didn't know any spells.
Your spell library contained the following spells:

 Spells                   Type           Power      Damage    Failure   Level
 Pain                     Necr           0%         1d4       89%         1
 Frozen Ramparts          Ice            0%         1d2       99%         3
 Tukima's Dance           Hex            0%         N/A       99%         3
 Ice Form                 Ice/Tmut       0%         N/A       100%        4
 Passage of Golubria      Tloc           0%         N/A       100%        4
 Summon Ice Beast         Ice/Summ       0%         N/A       100%        4
 Agony                    Necr           0%         N/A       100%        5
 Excruciating Wounds      Necr           0%         N/A       100%        5
 Yara's Violent Unravell  Hex/Tmut       0%         3d3       100%        5


Dungeon Overview and Level Annotations

Branches:
Dungeon (9/15)             Temple (1/1) D:6            Lair (0/6) D:9
Ossuary (visited)
    Orc: D:9-12

Altars:
Ashenzari
Cheibriados
Elyvilon
Gozag
Hepliaklqana
Makhleb
Nemelex Xobeh
Okawaru
Qazlal
Ru
Sif Muna
Trog
Uskayaw
Vehumet
Wu Jian
Yredelemnul
The Shining One

Shops:
D:3 =   D:5 [   D:8 =**?

Annotations:
D:9 exclusion: ice statue


Message History

You slash the ice statue!
The ice statue is severely damaged.
You barely miss the ice beast. x2; You hit the ice beast but do no damage.
You are engulfed in freezing vapours.
You resist.
The ice beast hits you but does no damage.
Unknown command.
You slash the ice statue!
The ice statue is severely damaged.
You hit the ice beast. x2; You slice the ice beast!!
You are engulfed in freezing vapours.
You resist. The ice beast barely misses you.
The ice beast hits you but does no damage. x2
Unknown command.
You slash the ice statue!
The ice statue is almost destroyed.
You slash the ice beast! x2
You kill the ice beast!
The ice beast disappears in a puff of smoke!
You hit the ice beast.
You are engulfed in freezing vapours.
You resist.
* * * LOW HITPOINT WARNING * * *
You block the ice beast's attack.
You hit the ice statue.
The ice statue is almost destroyed.
You slash the ice beast!
You kill the ice beast!
The ice beast disappears in a puff of smoke!
You barely miss the ice beast.
You are engulfed in freezing vapours.
You resist.
* * * LOW HITPOINT WARNING * * *
You block the ice beast's attack.
You hit the ice statue but do no damage.
The ice statue is almost destroyed.
You closely miss the ice beast.
You are engulfed in freezing vapours.
You resist.
* * * LOW HITPOINT WARNING * * *
You block the ice beast's attack. The ice statue gestures at you.
The bolt of cold hits you. You resist.
You die...
Your body crumbles into a pile of gold.

#.............###...............
#...>....##..≈≈≈≈≈..##.###...#..
#......#.###≈≈≈≈$≈≈###.# #...#..
##......#..##$≈...≈≈##..# #......
...........≈≈≈.....≈≈≈..# #..#...
##........≈≈≈.##.##.≈≈≈..##..#...
####....#≈≈..#?$$#..≈≈#..#..#...
#...##≈≈...$8○...≈≈##....#...
#.#..#≈≈$.#)@$#..≈≈#.....#...
#.##..≈≈≈.##Y##.$≈≈..##..#...
#.###..≈≈≈..°..≈≈≈..###..#... #.#
#..##≈≈$..≈≈##..# #..#..# #.#
#.###≈≈≈$$≈≈###.# #..#..# #.#
#.##..≈≈≈≈≈..##.# ....
#.###......###......# ...##
#......<....#..###### ..#
#######...#...##


You could see an ice statue and an ice beast (summoned).

Vanquished Creatures
  A boulder beetle (D:7)
  A death yak (D:9)
  A two-headed ogre (D:9)
  A kobold demonologist (D:9)
  7 ice devils (D:9)
  A wyvern (D:9)
  A steam dragon (D:8)
  2 water moccasins (D:8)
  3 orc warriors
  3 black bears
  An ogre (D:7)
  A necrophage (D:5)
  A centaur (D:6)
  A phantom (D:6)
  2 elf zombies (Ossuary)
  2 bullfrogs
  A kobold brigand (D:9)
  A scorpion (D:5)
  A water moccasin skeleton (D:6)
  6 killer bees (D:9)
  3 wights (D:8)
  4 centaur zombies
  2 hounds
  A bullfrog skeleton (D:3)
  3 jellies
  4 orc priests
  An iron imp (D:7)
  Jessica (D:2)
  Terence (D:3)
  4 iguanas
  8 orc wizards
  2 mummies (Ossuary)
  A hound skeleton (D:5)
  A howler monkey skeleton (D:7)
  2 howler monkey zombies
  4 adders
  A white imp (D:8)
  6 ufetubi
  An adder zombie (Ossuary)
  3 worms
  2 dart slugs
  17 orcs
  5 ball pythons
  5 bats
  4 endoplasms
  6 giant cockroaches
  5 goblins
  4 hobgoblins
  4 jackals (D:4)
  9 kobolds
  3 quokkas
  A frilled lizard (D:1)
  7 hobgoblin zombies (Ossuary)
  4 jackal zombies (Ossuary)
  8 kobold zombies (Ossuary)
  10 orc zombies (Ossuary)
  8 rats
  3 rat zombies (Ossuary)
196 creatures vanquished.

Notes
Turn   | Place    | Note
-------+----------+-------------------------------------------
     0 | D:1      | Illumine the Hill Orc Gladiator began the quest for the
                  | Orb.
     0 | D:1      | Reached XP level 1. HP: 18/18 MP: 1/1
    92 | D:1      | Reached XP level 2. HP: 24/25 MP: 2/2
   261 | D:1      | You fall into a shaft and drop 1 floor!
   292 | D:2      | Reached skill level 5 in Axes
   369 | D:2      | Reached XP level 3. HP: 21/31 MP: 3/3
   512 | D:2      | Noticed Jessica
   517 | D:2      | Killed Jessica
   785 | D:2      | Reached XP level 4. HP: 38/38 MP: 4/4
  1319 | D:3      | Reached skill level 6 in Axes
  1631 | D:3      | Found Hoklomops's Jewellery Shop.
  1738 | D:3      | Noticed Terence
  1751 | D:3      | Killed Terence
  1752 | D:3      | Reached XP level 5. HP: 45/46 MP: 5/5
  1903 | D:3      | Found a shimmering blue altar of Sif Muna.
  2008 | D:4      | Reached skill level 1 in Armour
  2263 | D:4      | Reached skill level 7 in Axes
  2442 | D:4      | Reached XP level 6. HP: 33/53 MP: 6/6
  2978 | D:5      | Entered Level 5 of the Dungeon
  3240 | D:5      | Reached skill level 5 in Fighting
  3240 | D:5      | Reached skill level 8 in Axes
  3345 | D:5      | Noticed a necrophage
  3354 | D:5      | Reached XP level 7. HP: 56/61 MP: 7/7
  3573 | D:5      | Found Inu Ilel's Armour Shop.
  3763 | D:5      | Found a stormy altar of Qazlal.
  4247 | D:6      | Found a staircase to the Ecumenical Temple.
  4266 | Temple   | Entered the Ecumenical Temple
  4511 | Temple   | Became a worshipper of Gozag Ym Sagoz the Greedy
  4512 | Temple   | Upgraded the game from 0.28-a0-1629-gf728b70 to
                  | 0.28-a0-1632-g283549b
  4572 | D:6      | Found a burning altar of Makhleb.
  4618 | D:6      | Reached skill level 9 in Axes
  4618 | D:6      | Reached XP level 8. HP: 39/70 MP: 8/8
  5206 | D:7      | Found a snail-covered altar of Cheibriados.
  5276 | D:7      | Found a sand-covered staircase.
  5285 | Ossuary  | Entered an ossuary
  5793 | D:5      | Bought the +1 chain mail "Setz" {Rampage Slay+5} for 450
                  | gold pieces
  5838 | D:7      | Reached skill level 5 in Armour
  5847 | D:7      | Reached skill level 10 in Axes
  6028 | D:7      | Noticed a boulder beetle
  6035 | D:7      | Reached XP level 9. HP: 54/79 MP: 9/9
  6037 | D:7      | HP: 2/79 [boulder beetle (23)]
  6064 | D:7      | Killed a boulder beetle
  6065 | D:7      | Reached skill level 11 in Axes
  6328 | D:7      | Found a white marble altar of Elyvilon.
  6437 | D:7      | Found a sparkling altar of Nemelex Xobeh.
  6937 | D:8      | Found Wodoy's Assorted Antiques.
  6937 | D:8      | Found Pyrodi's Jewellery Boutique.
  6937 | D:8      | Found Lyul's Magic Scroll Boutique.
  6941 | D:8      | Found Xateem's Assorted Antiques.
  6949 | D:8      | Bought a scroll of identify for 24 gold pieces
  6949 | D:8      | Bought a scroll of blinking for 90 gold pieces
  6969 | D:8      | Reached skill level 12 in Axes
  7081 | D:8      | Found an iron altar of Okawaru.
  7826 | D:9      | Reached skill level 1 in Evocations
  7916 | D:9      | Found a staircase to the Lair.
  7922 | D:9      | Reached XP level 10. HP: 90/90 MP: 10/10
  8056 | D:9      | Noticed a kobold demonologist
  8064 | D:9      | Killed a kobold demonologist
  8090 | D:9      | Noticed a death yak
  8109 | D:9      | Killed a death yak
  8110 | D:9      | Reached skill level 13 in Axes
  8207 | D:8      | Bought an amulet of reflection for 360 gold pieces
  8454 | D:9      | Noticed an ice statue
  8518 | D:9      | Noticed a two-headed ogre
  8526 | D:9      | Killed a two-headed ogre
  8802 | D:9      | Reached skill level 14 in Axes
  8858 | D:9      | Reached skill level 10 in Fighting
  8869 | D:9      | Reached XP level 11. HP: 99/99 MP: 11/11
  8879 | D:9      | HP: 3/99 [ice statue] (9)]
  8879 | D:9      | Killed from afar by an ice statue

Illustrated notes

Levels and vault maps discovered:
D:1:      mushboom_english_gardens, layout_basic,
          ebering_ecumenical_altar_abandoned
D:2:      minmay_chambers_of_twos, layout_basic, uniq_jessica
D:3:      layout_basic, tgw_sif, serial_shops, nicolae_shop_statue_plus,
          uniq_terence
D:4:      layout_loops_ring
D:5:      layout_basic, old_standard_altar, serial_shops, kennysheep_mini,
          amcnicky_mini_pool_medium
D:6:      layout_basic, overflow_temple_1_default, minmay_temple_entry_ruins
D:7:      layout_cave_pools, old_standard_altar, mainiacjoe_overflow_alcove_4,
          slow_altar_2, chequers_ossuary_entry_cave, chequers_garden
D:8:      layout_layer_cave, mainiacjoe_overflow_tiny_flanked,
          minmay_shop_grid_forest
D:9:      cheibrodos_frozen_isle, layout_basic, david_lair_generic
Temple:   dpeg_chambers_temple

Skill      XL: |  1  2  3  4  5  6  7  8  9 10 |
---------------+-------------------------------+-----
Axes           | 5 6 7 8 9 10 12 14 | 14.4
Fighting       | 3 4 5 6 7 8 10 | 10.1
Armour         | 1 2 4 5 7 8 |  8.4
Throwing       | 2 3 |  3.6
Evocations     | 1 4 |  4.2
Dodging        | |  2.4

Action                   |  1- 3 |  4- 6 |  7- 9 | 10-12 || total
-------------------------+-------+-------+-------+-------++-------
Melee: War axe           |    58 |   162 |   194 |       ||   414
       Punch             |       |     1 |     3 |       ||     4
       Battleaxe         |       |       |    68 |    56 ||   124
Throw: Throwing net      |       |     3 |     1 |     1 ||     5
       Boomerang         |       |       |    27 |   101 ||   128
       Javelin           |       |       |     3 |     3 ||     6
  Use: Scroll            |       |       |    12 |     3 ||    15
       Potion            |       |       |     3 |     1 ||     4
 Stab: Held in net/web   |       |     2 |       |       ||     2
       Distracted        |       |       |     1 |       ||     1
Armor: Leather armour    |    22 |     4 |       |       ||    26
       Plate armour      |       |     6 |       |       ||     6
       Ring mail         |       |    61 |    68 |       ||   129
       Chain mail        |       |       |    35 |    32 ||    67
Dodge: Dodged            |    50 |   108 |   135 |    25 ||   318
Block: Other             |       |       |       |    11 ||    11

Table legend: (Time is in decaauts)
 A = Elapsed time spent in this place.
 B = Non-inter-level travel time spent in this place.
 C = Inter-level travel time spent in this place.
 D = Time resting spent in this place.
 E = Time spent auto-exploring this place.
 F = Levels seen in this place.
 G = Mean time per level.
                   A        B        C        D        E       F      G
               +--------+--------+--------+--------+--------+-----+--------+
         Total |   8956 |   8525 |    431 |    752 |   5938 |  11 |  814.2 |
       Dungeon |   8251 |   7854 |    397 |    729 |   5549 |   9 |  916.8 |
        Temple |    258 |    224 |     34 |      0 |    214 |   1 |  258.0 |
       Ossuary |    446 |    446 |      0 |     23 |    175 |   1 |  446.0 |
               +--------+--------+--------+--------+--------+-----+--------+

Top non-repeatable levels by time:
     D:9: 1186 daAuts
     D:8: 1066 daAuts
     D:5: 1044 daAuts
     D:4: 985 daAuts
     D:6: 978 daAuts
     D:7: 965 daAuts
     D:3: 902 daAuts
     D:2: 854 daAuts
 Ossuary: 446 daAuts
     D:1: 267 daAuts
  Temple: 258 daAuts
